 Dungeon Crawl Stone Soup version 0.31-a0-193-gdfe2569204 (webtiles) character file.

Game seed: 6702832862176407047

235 qw the Skirmisher (level 5, -9/30 HPs)
             Began as a Deep Elf Hunter on June 24, 2023.
             Mangled by an iguana (12 damage)
             ... on level 4 of the Dungeon.
             The game lasted 00:00:54 (2156 turns).

qw the Skirmisher (Deep Elf Hunter)                 Turns: 2156, Time: 00:00:55

Health: -9/30      AC:  7    Str: 16    XL:     5   Next: 76%
Magic:  7/7        EV: 11    Int: 14    God:
Gold:   183        SH:  0    Dex: 18    Spells: 4/4 levels left

rFire   . . .        Y - +0 shortbow
rCold   . . .        (shield currently unavailable)
rNeg    . . .        d - +0 ring mail
rPois   .            c - +2 hat "Nihaorch" {+Inv}
rElec   .            (no cloak)
rCorr   .            (no gloves)
SInv    .            (no boots)
Will    .....        (no amulet)
Stlth   +            g - +6 ring of strength
HPRegen 0.25/turn    (no ring)
MPRegen 0.10/turn

%: no passive effects
@: lethally poisoned (-9 -> -20), about to teleport
A: no striking features
a: Evoke Invisibility


You were on level 4 of the Dungeon.
You visited 1 branch of the dungeon, and saw 4 of its levels.

You collected 183 gold pieces.


   Skills:
 - Level 2.1 Fighting
 - Level 9.0 Ranged Weapons
 + Level 2.6 Dodging
 - Level 1.2 Stealth


You had 4 spell levels left.
You didn't know any spells.
Your spell library was empty.

Inventory:

Hand Weapons
 Y - a +0 shortbow (weapon)
Armour
 b - a +2 robe of fire resistance
 c - the +2 hat "Nihaorch" (worn) {+Inv}
   (You found it on level 3 of the Dungeon)

   +Inv:      It lets you turn invisible.
 d - a +0 ring mail (worn)
 l - the +4 ring mail "Untuizew" {Contam Str+3 Stlth+}
   (You found it on level 4 of the Dungeon)

   Str:       It affects your strength (+3).
   Contam:    It causes magical contamination when unequipped.
   Stlth:     It makes you more stealthy.
Jewellery
 g - a +6 ring of strength (left hand)
Scrolls
 f - 2 scrolls of identify
 i - a scroll of fear {unknown}
 j - a scroll of fog {unknown}
Potions
 e - a potion of heal wounds
 h - a potion of curing
 k - a potion of might {unknown}

Dungeon Overview and Level Annotations

Branches:
Dungeon (4/15)
 Temple: D:4-7

Altars:


Message History

The magic dart hits you.
You shoot an arrow.
The arrow hits the orc but does no damage.
You shoot an arrow. The arrow barely misses the orc.
The arrow hits the orc wizard.
The orc wizard is almost dead.
You shoot an arrow. The arrow closely misses the iguana.
The arrow hits the orc wizard.
The orc wizard is almost dead.
The orc closely misses you.
The iguana bites you but does no damage.
You shoot an arrow. The arrow barely misses the iguana.
The orc barely misses you.
The iguana bites you but does no damage.
You shoot an arrow. The arrow closely misses the iguana.
The orc barely misses you. The iguana bites you.
The orc wizard gestures wildly while chanting.
The orc wizard flickers and vanishes!
Deactivating autopickup; reactivate with Ctrl-A.
You shoot an arrow. The arrow hits the iguana!
The iguana is heavily wounded.
The orc hits you but does no damage.
You are poisoned.
The iguana bites you but does no damage.
You shoot an arrow. The arrow barely misses the iguana.
You feel very sick. The orc hits you but does no damage.
You are more poisoned.
The iguana bites you!
You shoot an arrow.
The arrow hits the iguana but does no damage.
The iguana is heavily wounded.
You feel very sick. The orc misses you. The iguana bites you.
2156 ||| READING scroll of teleportation.
As you read the scroll of teleportation, it crumbles to dust.
You feel strangely unstable.
You feel very sick. The orc hits you but does no damage. The iguana bites you!
You die...

###.#.).###....##.###
##.................#
#.................##
##.#.[.............#
#....###...#.......#
########...........#
#..###.......##
###.## #........###
#o@.# ########.%.#
#l### ######.# ..{
#......# .....
#....... .......
#....... ......)
#...(.## ......)
######.....# .?.....
........)..#
######.....#


You could see an iguana and an orc.

Vanquished Creatures
  A jelly (D:4)
  A hound (D:4)
  An orc priest (D:3)
  Jessica (D:2)
  4 adders
  2 worms
  3 dart slugs
  10 orcs
  5 endoplasms
  2 giant cockroaches
  4 goblins
  4 hobgoblins
  8 kobolds
  2 quokkas
  10 ball pythons
  4 bats
  3 frilled lizards
  4 rats
69 creatures vanquished.

Notes
Turn   | Place    | Note
-------+----------+-------------------------------------------
     0 | D:1      | qw the Deep Elf Hunter began the quest for the Orb.
     0 | D:1      | Reached XP level 1. HP: 12/12 MP: 3/3
     0 | D:1      | 0 ||| qw: Version: 0.3-a-9-g12657ce
     0 | D:1      | 0 ||| qw: Game counter: 4716
     0 | D:1      | 0 ||| qw: Always use a shield: true
     0 | D:1      | 0 ||| qw: God list: Okawaru
     0 | D:1      | 0 ||| qw: Allow faded altars: false
     0 | D:1      | 0 ||| qw: Do Orc after D:15 true
     0 | D:1      | 0 ||| qw: Do second Lair branch before Depths: true
     0 | D:1      | 0 ||| qw: Lair rune preference: random
     0 | D:1      | 0 ||| qw: Plans: Normal
     0 | D:1      | 0 ||| PLANNING D:1-11
   203 | D:1      | Reached XP level 2. HP: 16/16 MP: 4/4
   212 | D:1      | Reached skill level 6 in Ranged Weapons
   290 | D:1      | 290 ||| FLEEEEING.
   521 | D:1      | 521 ||| UPGRADING to +0 ring mail.
   531 | D:1      | 531 ||| DROPPING +0 leather armour.
   532 | D:1      | 532 ||| READING scroll labelled GAPYIDI POETA.
   533 | D:1      | 533 ||| READING 2 scrolls labelled WOURGH AGGEUR.
   534 | D:1      | 534 ||| DROPPING scroll of butterflies.
   604 | D:2      | Noticed Jessica
   609 | D:2      | Killed Jessica
   610 | D:2      | Reached skill level 7 in Ranged Weapons
   610 | D:2      | Reached XP level 3. HP: 10/20 MP: 5/5
   664 | D:2      | Found a faded altar of an unknown god.
   815 | D:2      | Reached XP level 4. HP: 18/25 MP: 6/6
   993 | D:2      | 993 ||| UPGRADING to +6 ring of strength.
   994 | D:2      | 994 ||| READING 4 scrolls labelled CEHUVEMIEREI.
   997 | D:2      | 997 ||| READING scroll labelled ZUIMEN EQIY.
   998 | D:2      | 998 ||| READING scroll labelled XEIRIE UHAYCW.
  1195 | D:3      | Identified the +2 hat "Nihaorch" {+Inv}
  1322 | D:3      | 1322 ||| Stepping ~*~*~tactically~*~*~ (outnumbered).
  1329 | D:3      | HP: 6/25 [orc/+1 trident of holy wrath (4)]
  1330 | D:3      | 1330 ||| READING 3 scrolls of teleportation.
  1332 | D:3      | Reached skill level 8 in Ranged Weapons
  1630 | D:3      | Reached XP level 5. HP: 16/29 MP: 7/7
  1633 | D:3      | HP: 5/29 [orc wizard/magic dart (6)]
  1634 | D:3      | 1634 ||| READING 2 scrolls of teleportation.
  1975 | D:3      | 1975 ||| UPGRADING to +2 hat "Nihaorch" {+Inv}.
  1980 | D:3      | 1980 ||| READING 4 scrolls of identify.
  1980 | D:3      | 1980 ||| IDENTIFYING fuming orange potion
  1981 | D:3      | 1981 ||| READING 3 scrolls of identify.
  1981 | D:3      | 1981 ||| IDENTIFYING bubbling brown potion
  2041 | D:4      | Identified the +4 ring mail "Untuizew" {Contam Str+3
                  | Stlth+}
  2058 | D:4      | Reached skill level 9 in Ranged Weapons
  2155 | D:4      | HP: 7/30 [poisoned by an orc]
  2156 | D:4      | 2156 ||| READING scroll of teleportation.
  2156 | D:4      | HP: 3/30 [poisoned by an orc]
  2156 | D:4      | Mangled by an iguana

Levels and vault maps discovered:
D:1:      amcnicky_arrival_abandoned_market, layout_basic,
          palyth_stone_intersect
D:2:      layout_basic, ebering_ecumenical_altar_box, uniq_jessica
D:3:      layout_basic, serial_bayou, serial_bayou_pond_d, serial_bayou_ford_a,
          serial_bayou_crossing, serial_bayou_shore_b
D:4:      layout_rooms

Skill      XL: |  1  2  3  4  5 |
---------------+----------------+-----
Ranged Weapons | 7 8 9 |  9.0
Fighting       | 2 |  2.1
Dodging        | |  2.6
Stealth        | |  1.2

Action                     |  1- 3 |  4- 6 || total
---------------------------+-------+-------++-------
   Fire: Shortbow          |    77 |   130 ||   207
    Use: Scroll            |     2 |     8 ||    10
 Armour: Ring mail         |     1 |    24 ||    25
  Dodge: Dodged            |     6 |    22 ||    28

Table legend:
 A = Non-vault XP
 B = Vault XP
 C = Vault XP percentage of total XP
 D = Non-vault monster count
 E = Vault monster count
 F = Vault count percentage of total count
                 A         B        C        D         E       F
            +---------+---------+-------+---------+---------+-------
      Total |     300 |      37 |  11.0 |      68 |       1 |   1.4
            +---------+---------+-------+---------+---------+-------
        D:1 |      22 |       0 |   0.0 |      13 |       0 |   0.0
        D:2 |      64 |      37 |  36.6 |      22 |       1 |   4.3
        D:3 |     101 |       0 |   0.0 |      23 |       0 |   0.0
        D:4 |     113 |       0 |   0.0 |      10 |       0 |   0.0
            +---------+---------+-------+---------+---------+-------
